 Dungeon Crawl Stone Soup version 0.31-a0-117-g42d8f58691 (webtiles) character file.

Game seed: 14315743988628075317

270 Gargoyl the Chopper (level 6, -5/38 HPs)
             Began as a Gargoyle Berserker on May 31, 2023.
             Was a Follower of Trog.
             Slain by an ancient lich (15 damage)
             ... on level 1 of the Abyss.
             The game lasted 00:03:26 (1857 turns).

Gargoyl the Chopper (Gargoyle Berserker)            Turns: 1857, Time: 00:03:27

Health: -5/38      AC:  6    Str: 20    XL:     6   Next: 22%
Magic:  6/6        EV: 12    Int:  8    God:    Trog [*.....]
Gold:   63         SH:  3    Dex: 11    Spells: 5/5 levels left

rFire   + . .        a - +1 hand axe
rCold   + . .        d - +0 buckler
rNeg    + . .        b - +0 animal skin
rPois   ∞            (no helmet)
rElec   +            (no cloak)
rCorr   +            (no gloves)
SInv    .            (no boots)
Will    .....        (no amulet)
Stlth   +            (no ring)
HPRegen 0.26/turn    (no ring)
MPRegen 0.10/turn

%: no passive effects
@: resistant
A: sickness immunity, AC +4, negative energy resistance 1, electricity
resistance, torment resistance 1, petrification resistance
a: Renounce Religion, Berserk


You were on level 1 of the Abyss.
You worshipped Trog.
Trog was aware of your devotion.
You visited 1 branch of the dungeon, and saw 3 of its levels.
You visited the Abyss 1 time.

You collected 63 gold pieces.

Inventory:

Hand Weapons
 a - a +1 hand axe (weapon)
Missiles
 f - 3 poisoned darts (quivered)
Armour
 b - a +0 animal skin (worn)
 d - a +0 buckler (worn)
Potions
 g - a potion of magic
 h - a potion of resistance


   Skills:
 + Level 4.2 Fighting
 * Level 4.5(4.6) Axes
 * Level 1.2(3.1) Polearms
 * Level 3.0 Armour
 + Level 2.6 Dodging
 + Level 0.4 Shields


You had 5 spell levels left.
You didn't know any spells.
Your spell library was empty.

Dungeon Overview and Level Annotations

Branches:
Dungeon (3/15)

Altars:
Fedhas

Shops:
D:1 :   D:2 ***


Innate Abilities, Weirdness & Mutations

You are immune to sickness and miasma.
Your stone body is resilient. (AC +4)
You are immune to poison.
You resist negative energy. (rN+)
You are resistant to electric shocks. (rElec)
You are resistant to unholy torment.
You are immune to petrification.


Message History

You slash something! Something hits you but does no damage.
Space warps around you. Something hits you.
You blink.
It was a potion of heal wounds.
You feel much better.
You slash the orc!
You kill the orc!
Trog accepts your kill.
You miss something. Something hits you but does no damage.
Space warps around you. Something hits you but does no damage.
You are cast into the Abyss!
This branch contains the abyssal rune of Zot.
Reactivating autopickup.
Found a corrupted altar of Lugonu.
As you read the scroll of identify, it crumbles to dust.
g - a potion of magic You feel yourself speed up.
You recover from your berserk rage.
HP restored.
You feel a little less mighty now.
An ancient lich comes into view.
The ancient lich shouts!
The ancient lich casts a spell.
The ancient lich seems to speed up.
Okay, then.
You aren't carrying any scrolls.
It was a potion of resistance.
You feel protected.
You hit the ancient lich but do no damage.
The ancient lich touches you.
You hit the ancient lich.
The ancient lich is lightly damaged.
You block the ancient lich's attack. The ancient lich casts a spell at you.
The bolt of acid misses you.
You hit the ancient lich but do no damage.
The ancient lich is lightly damaged.
The ancient lich touches you! x2
* * * LOW HITPOINT WARNING * * *
Unknown command.
You closely miss the ancient lich. The ancient lich touches you!
You die...

## . #. .## ##
.##.# ..###.#.#
#......## ###
#..#..#.##.### #
#...##.....## #
#@L....##.#..####.
#
###.##..##.##....
.L. .
....#######.#.
...#. ..... . ...
..... .# ####.#.#
###.#. .#..# ....
... #.#....# . .
#.... #.##. ##..#
# . #. # #..#.#
.#.# ##.# # # #.#
#.## #


You could see an ancient lich (fast).

Vanquished Creatures
  Grinder (D:3)
  2 adders (D:2)
  A worm (D:2)
  2 dart slugs
  2 orcs (D:3)
  5 endoplasms
  3 giant cockroaches
  3 goblins
  6 hobgoblins
  2 jackals (D:1)
  6 kobolds
  2 quokkas
  5 ball pythons
  7 bats
  2 frilled lizards
  2 rats (D:3)
51 creatures vanquished.

Notes
Turn   | Place    | Note
-------+----------+-------------------------------------------
     0 | D:1      | Gargoyl the Gargoyle Berserker began the quest for the Orb.
     0 | D:1      | Reached XP level 1. HP: 14/14 MP: 1/1
   116 | D:1      | Found a transporter.
   119 | D:1      | Found Ympiph's Book Boutique.
   153 | D:1      | Reached XP level 2. HP: 19/19 MP: 2/2
   221 | D:1      | Found a transporter.
   501 | D:1      | Reached XP level 3. HP: 23/24 MP: 3/3
  1033 | D:2      | Reached XP level 4. HP: 26/29 MP: 4/4
  1318 | D:2      | Found Urearicu's General Store.
  1327 | D:2      | Found a blossoming altar of Fedhas.
  1448 | D:2      | Found Vesudol's Assorted Antiques.
  1463 | D:2      | Found Qoog's General Store.
  1553 | D:3      | Reached ** piety under Trog
  1691 | D:3      | Found a blossoming altar of Fedhas.
  1739 | D:3      | Noticed Grinder
  1750 | D:3      | Killed Grinder
  1751 | D:3      | Reached skill level 1 in Polearms
  1751 | D:3      | Reached XP level 5. HP: 33/33 MP: 5/5
  1751 | D:3      | Reached XP level 6. HP: 38/38 MP: 6/6
  1772 | Abyss:1  | Found a corrupted altar of Lugonu.
  1772 | Abyss:1  | Cast into level 1 of the Abyss (orc wizard)
  1843 | Abyss:1  | Noticed an ancient lich
  1857 | Abyss:1  | Slain by an ancient lich

Illustrated notes

Levels and vault maps discovered:
D:1:      minmay_arrival_solitary_statue, layout_loops_cross, serial_shops,
          nicolae_shop_drivethru
D:2:      layout_loops_corners, basic_altar, serial_shops,
          nicolae_shop_real_fake_doors, shop, shop, serial_park_tiny_pond,
          minivault_23
D:3:      layout_basic, nicolae_ashenzari_panopticon,
          mainiacjoe_overflow_tiny_flanked, uniq_grinder
Abyss:1:  base:
D:3

Skill      XL: |  1  2  3  4 |
---------------+-------------+-----
Axes           | 3 4 |  4.5
Fighting       | 4 |  4.2
Dodging        | 2 |  2.6
Polearms       | 1 |  1.2
Armour         | 3 |  3.0
Shields        | |  0.4

Action                     |  1- 3 |  4- 6 || total
---------------------------+-------+-------++-------
  Melee: Hand axe          |    91 |    54 ||   145
 Invoke: Berserk           |     1 |     2 ||     3
         Trog's Hand       |       |     1 ||     1
    Use: Scroll            |     7 |     1 ||     8
         Potion            |       |     3 ||     3
   Stab: Sleeping          |     1 |     2 ||     3
 Armour: Animal skin       |    69 |    15 ||    84
  Dodge: Dodged            |   110 |    29 ||   139
  Block: Buckler           |     6 |     6 ||    12

Table legend: (Time is in decaauts)
 A = Elapsed time spent in this place.
 B = Non-inter-level travel time spent in this place.
 C = Inter-level travel time spent in this place.
 D = Time resting spent in this place.
 E = Time spent auto-exploring this place.
 F = Levels seen in this place.
 G = Mean time per level.
                   A        B        C        D        E       F      G
               +--------+--------+--------+--------+--------+-----+--------+
         Total |   1911 |   1809 |    102 |      0 |   1221 |   4 |  477.8 |
       Dungeon |   1823 |   1721 |    102 |      0 |   1151 |   3 |  607.7 |
         Abyss |     87 |     87 |      0 |      0 |     70 |   1 |   87.0 |
               +--------+--------+--------+--------+--------+-----+--------+

Top non-repeatable levels by time:
     D:2: 837 daAuts
     D:1: 717 daAuts
     D:3: 268 daAuts
 Abyss:1: 87 daAuts
